 Dungeon Sprint DCSS version 0.21.1-1-g345015f (webtiles) character file.

6426 wilfster70 the Covert (level 10, -4/83 HPs)
             Began as a Gnoll Enchanter on June 6, 2018.
             Was the Champion of Wu Jian.
             Slain by a demonic crawler (10 damage)
             ... in the Dungeon (Sprint I: "Red Sonja").
             The game lasted 00:07:36 (848 turns).

wilfster70 the Covert (Gnoll Enchanter)              Turns: 848, Time: 00:07:37

Health: -4/83      AC:  9    Str: 10    XL:     10   Next: 98%
Magic:  24/24      EV: 18    Int: 26    God:    Wu Jian [******]
Gold:   110        SH:  0    Dex: 15    Spells: 24/30 levels left

rFire    . . .     SeeInvis +   b - +7 war axe of Lah Woash {flame, rElec MR+ Int+4}
rCold    . . .     Gourm    .   (no shield)
rNeg     . . .     Faith    .   l - +0 troll leather armour
rPois    +         Spirit   .   (no helmet)
rElec    +         Reflect  .   f - +1 cloak {rPois}
rCorr    .         Harm     .   r - +0 pair of gloves
MR       +....     NoTele   +   (no boots)
Stlth    +++++.....             (no amulet)
HPRegen  0.63/turn              n - ring of see invisible
MPRegen  0.19/turn              s - ring of flight

@: no status effects
A: distributed training, fangs 1, strong nose
a: Wall Jump, Serpent's Lash, Heavenly Storm, Renounce Religion, Evoke Flight


You were in the Dungeon.
You worshipped Wu Jian.
Wu Jian was exalted by your worship.
You were not hungry.

You visited 1 branch You collected 1286 gold pieces.
You spent 1176 gold pieces at shops.

Inventory:

Hand Weapons
 a - a +1 dagger
 b - the +7 war axe of Lah Woash (weapon) {flame, rElec MR+ Int+4}
   (You bought it in a shop in the Dungeon)

   It has been specially enchanted to burn those struck by it, causing extra
   injury to most foes and up to half again as much damage against particularly
   susceptible opponents.
   Big, fiery blades are also staple armaments of hydra-hunters.
   It affects your intelligence (+4).
   It insulates you from electricity.
   It affects your resistance to hostile enchantments.
Armour
 f - a +1 cloak of poison resistance (worn)
 l - a +0 troll leather armour (worn)
 q - the +0 chain mail of Chill Winds {Str+6 Int-2}
   (You bought it in a shop in the Dungeon)

   It affects your strength (+6).
   It affects your intelligence (-2).
 r - a +0 pair of gloves (worn)
Jewellery
 n - a ring of see invisible (left hand)
 s - a ring of flight (right hand)
Wands
 m - a wand of paralysis (6)
Scrolls
 j - a scroll of blinking
 k - 2 scrolls of immolation
 o - a scroll of identify
Potions
 e - a potion of curing
 g - a potion of haste
 h - 2 potions of magic
 i - 2 potions of agility
 p - 2 potions of heal wounds
Books
 c - a book of Maledictions

   Spells                             Type                      Level
   a - Corona                         Hexes                        1
   b - Ensorcelled Hibernation        Hexes/Ice                    2
   c - Confuse                        Hexes                        3
   d - Tukima's Dance                 Hexes                        3
   e - Dazzling Spray                 Conjuration/Hexes            3
Comestibles
 d - 3 rations


   Skills:
 + Level 9.4 Fighting
 + Level 9.8 Short Blades
 + Level 9.4 Long Blades
 + Level 9.4 Axes
 + Level 9.4 Maces & Flails
 + Level 9.4 Polearms
 + Level 9.4 Staves
 + Level 9.4 Slings
 + Level 9.4 Bows
 + Level 9.4 Crossbows
 + Level 9.4 Throwing
 + Level 9.4 Armour
 + Level 10.4 Dodging
 + Level 11.0 Stealth
 + Level 9.4 Shields
 + Level 9.4 Unarmed Combat
 + Level 10.6 Spellcasting
 + Level 7.9 Conjurations
 + Level 9.6 Hexes
 + Level 7.9 Charms
 + Level 7.9 Summonings
 + Level 7.9 Necromancy
 + Level 7.9 Translocations
 + Level 7.9 Transmutations
 + Level 7.9 Fire Magic
 + Level 7.9 Ice Magic
 + Level 7.9 Air Magic
 + Level 7.9 Earth Magic
 + Level 7.9 Poison Magic
 + Level 10.2 Invocations
 + Level 9.4 Evocations


You had 24 spell levels left.
You knew the following spells:

 Your Spells              Type           Power        Failure   Level  Hunger
a - Corona                Hex            ######.      1%          1    None
b - Ensorcelled Hibernat  Hex/Ice        ######       1%          2    None
c - Confuse               Hex            ######..     1%          3    None


Dungeon Overview and Level Annotations

Branches:
Dungeon (1/1)

Altars:
Cheibriados
Dithmenos
Elyvilon
Fedhas
Gozag
Hepliaklqana
Kikubaaqudgha
Makhleb
Nemelex Xobeh
Okawaru
Qazlal
Ru
Sif Muna
Trog
Uskayaw
Vehumet
Wu Jian
Xom
Yredelemnul
Zin
The Shining One
Jiyva
Lugonu

Shops:
D ((%}:[(:(**=[!*[=


Innate Abilities, Weirdness & Mutations

Your experience applies equally to all skills.
You have very sharp teeth.
Your uncanny sense of smell can sniff out nearby items.


Message History

The demonic crawler is heavily wounded.
You hit the demonic crawler. x2; You burn the demonic crawler.
The demonic crawler completely misses you.
The demonic crawler hits you.
* * * LOW HITPOINT WARNING * * *
The demonic crawler completely misses you.
The demonic crawler hits you but does no damage.
The demonic crawler misses you. The demonic crawler closely misses you.
The demonic crawler barely misses you. The demonic crawler hits you.
* * * LOW HITPOINT WARNING * * *
The demonic crawler hits you but does no damage.
You slash the demonic crawler! You burn the demonic crawler.
The demonic crawler is severely wounded.
You hit the demonic crawler but do no damage. x2
The demonic crawler closely misses you.
The demonic crawler hits you but does no damage.
The demonic crawler hits you.
* * * LOW HITPOINT WARNING * * *
The demonic crawler hits you!
You die...

#################****************
#.)'..#__#..'.).#∆∆*,∆∆,+,,,,,,+,
'..#..'..'..#)..##+#∆****,,,,,**,
#####'#__####..s@ss#∆*∆***,,,****
#...#§####§.#####s.+∆*+*,***+*,,,
#..##.#≈≈§.§#§.#*+##**,,,*,*,**,,
##'#§§'§§≈§.§§.#,,,,,*,,,***,,***
.'.(.§#§§≈§§#§.#,,,,,+,,,,,**,*,*
##_.#'##'#####'###,,,*,,,,,*,,***
###'#.#.)()###.'.#,,,***++**,**,,
###.####'###.###.#,,***,,***,,*+*
.'.).'.[...'[∩##§#,,****,,***,,,*


You could see 4 demonic crawlers.

Vanquished Creatures
  2 centaur warriors (D)
  Sonja (D)
  2 unseen horrors (D)
  A deep troll (D)
  An oklob plant (D)
  2 kobold demonologists (D)
  A hornet (D)
  A slime creature (D)
  Sigmund (D)
  2 redbacks (D)
  A yak (D)
  2 floating eyes (D)
  7 necrophages (D)
  An ogre (D)
  8 jellies (D)
  Ijyb (D)
34 creatures vanquished.

Vanquished Creatures (others)
  A gargoyle (D)
1 creature vanquished.

Grand Total: 35 creatures vanquished

Notes
Turn   | Place    | Note
-------+----------+-------------------------------------------
     0 | D        | wilfster70 the Gnoll Enchanter began the quest for the Orb.
     0 | D        | Reached XP level 1. HP: 13/13 MP: 6/6
     2 | D        | Noticed Ijyb
    14 | D        | Killed Ijyb
    14 | D        | Reached skill level 1 in Fighting
    14 | D        | Reached skill level 1 in Long Blades
    14 | D        | Reached skill level 1 in Axes
    14 | D        | Reached skill level 1 in Maces & Flails
    14 | D        | Reached skill level 1 in Polearms
    14 | D        | Reached skill level 1 in Staves
    14 | D        | Reached skill level 1 in Slings
    14 | D        | Reached skill level 1 in Bows
    14 | D        | Reached skill level 1 in Crossbows
    14 | D        | Reached skill level 1 in Throwing
    14 | D        | Reached skill level 1 in Armour
    14 | D        | Reached skill level 6 in Stealth
    14 | D        | Reached skill level 1 in Shields
    14 | D        | Reached skill level 1 in Unarmed Combat
    14 | D        | Reached skill level 5 in Spellcasting
    14 | D        | Reached skill level 1 in Conjurations
    14 | D        | Reached skill level 1 in Charms
    14 | D        | Reached skill level 1 in Summonings
    14 | D        | Reached skill level 1 in Necromancy
    14 | D        | Reached skill level 1 in Translocations
    14 | D        | Reached skill level 1 in Transmutations
    14 | D        | Reached skill level 1 in Fire Magic
    14 | D        | Reached skill level 1 in Ice Magic
    14 | D        | Reached skill level 1 in Air Magic
    14 | D        | Reached skill level 1 in Earth Magic
    14 | D        | Reached skill level 1 in Poison Magic
    14 | D        | Reached skill level 1 in Invocations
    14 | D        | Reached skill level 1 in Evocations
    14 | D        | Reached XP level 2. HP: 22/22 MP: 8/8
    14 | D        | Reached XP level 3. HP: 27/27 MP: 9/9
    21 | D        | Learned a level 2 spell: Ensorcelled Hibernation
    25 | D        | Learned a level 3 spell: Confuse
    85 | D        | Noticed an ogre
    89 | D        | Killed an ogre
    89 | D        | Reached skill level 5 in Dodging
    89 | D        | Reached XP level 4. HP: 35/35 MP: 7/11
    99 | D        | Noticed Sigmund
   102 | D        | Killed Sigmund
   102 | D        | Reached skill level 5 in Short Blades
   102 | D        | Reached skill level 7 in Stealth
   102 | D        | Reached XP level 5. HP: 42/42 MP: 9/14
   102 | D        | Reached XP level 6. HP: 48/48 MP: 9/15
   150 | D        | Found a deep blue altar of Sif Muna.
   151 | D        | Found an ornate altar of the Wu Jian Council.
   152 | D        | Found a radiant altar of Vehumet.
   158 | D        | Became a worshipper of the Wu Jian Council
   179 | D        | Found Fepn's Weapon Emporium.
   179 | D        | Found an ancient bone altar of Kikubaaqudgha.
   179 | D        | Found a hazy altar of Hepliaklqana.
   179 | D        | Found a hide-covered altar of Uskayaw.
   179 | D        | Found a basalt altar of Yredelemnul.
   179 | D        | Found an opulent altar of Gozag.
   179 | D        | Found a snail-covered altar of Cheibriados.
   179 | D        | Found a sacrificial altar of Ru.
   179 | D        | Found a shadowy altar of Dithmenos.
   179 | D        | Noticed a yak
   180 | D        | Found a stormy altar of Qazlal.
   180 | D        | Found a blossoming altar of Fedhas.
   180 | D        | Found a bloodstained altar of Trog.
   180 | D        | Found an iron altar of Okawaru.
   180 | D        | Found a glowing golden altar of the Shining One.
   180 | D        | Found a glowing silver altar of Zin.
   180 | D        | Found a white marble altar of Elyvilon.
   181 | D        | Killed a yak
   181 | D        | Reached skill level 5 in Fighting
   181 | D        | Reached skill level 5 in Long Blades
   181 | D        | Reached skill level 5 in Axes
   181 | D        | Reached skill level 5 in Maces & Flails
   181 | D        | Reached skill level 5 in Polearms
   181 | D        | Reached skill level 5 in Staves
   181 | D        | Reached skill level 5 in Slings
   181 | D        | Reached skill level 5 in Bows
   181 | D        | Reached skill level 5 in Crossbows
   181 | D        | Reached skill level 5 in Throwing
   181 | D        | Reached skill level 5 in Armour
   181 | D        | Reached skill level 5 in Shields
   181 | D        | Reached skill level 5 in Unarmed Combat
   181 | D        | Reached skill level 5 in Invocations
   181 | D        | Reached skill level 5 in Evocations
   181 | D        | Reached XP level 7. HP: 56/56 MP: 15/17
   182 | D        | Found a sparkling altar of Nemelex Xobeh.
   202 | D        | Noticed Sonja
   206 | D        | Killed Sonja
   206 | D        | Reached skill level 8 in Stealth
   206 | D        | Reached skill level 5 in Conjurations
   206 | D        | Reached skill level 5 in Charms
   206 | D        | Reached skill level 5 in Summonings
   206 | D        | Reached skill level 5 in Necromancy
   206 | D        | Reached skill level 5 in Translocations
   206 | D        | Reached skill level 5 in Transmutations
   206 | D        | Reached skill level 5 in Fire Magic
   206 | D        | Reached skill level 5 in Ice Magic
   206 | D        | Reached skill level 5 in Air Magic
   206 | D        | Reached skill level 5 in Earth Magic
   206 | D        | Reached skill level 5 in Poison Magic
   206 | D        | Reached XP level 8. HP: 64/64 MP: 14/20
   221 | D        | Found Biethros's Antique Weapon Boutique.
   229 | D        | Bought an ichor-stained war axe for 263 gold pieces
   229 | D        | Identified the +7 war axe of Lah Woash {flame, rElec MR+ Int+4} (You bought it in a shop in the Dungeon)
   243 | D        | Noticed a deep troll
   248 | D        | Killed a deep troll
   248 | D        | Reached * piety under Wu Jian
   248 | D        | Reached skill level 9 in Stealth
   325 | D        | Found Mydi Ewk's Armour Emporium.
   344 | D        | Noticed a centaur warrior
   344 | D        | Noticed a centaur warrior
   346 | D        | Killed a centaur warrior
   346 | D        | Reached XP level 9. HP: 72/72 MP: 20/22
   348 | D        | Killed a centaur warrior
   348 | D        | Reached skill level 10 in Stealth
   361 | D        | Noticed a hornet
   363 | D        | Killed a hornet
   363 | D        | Reached ** piety under Wu Jian
   374 | D        | Noticed an oklob plant
   375 | D        | Killed an oklob plant
   375 | D        | Reached XP level 10. HP: 80/80 MP: 23/23
   479 | D        | Reached *** piety under Wu Jian
   489 | D        | Found Pioheod's Distillery.
   489 | D        | Found Kowefewuri's Jewellery Emporium.
   489 | D        | Found Mytoez's Assorted Antiques.
   491 | D        | Found Toruuv's Antique Armour Boutique.
   491 | D        | Found Caileuxi's Jewellery Shoppe.
   491 | D        | Found Tishouron's General Store.
   491 | D        | Found Isoudann's General Store.
   491 | D        | Found Empey's Antique Weapon Boutique.
   491 | D        | Found Veyklien's Book Shoppe.
   491 | D        | Found Kuihygos's Weapon Shop.
   493 | D        | Found Duczeqyne's Armour Emporium.
   494 | D        | Found Gotithru's Book Boutique.
   494 | D        | Found Gewydyoch's Gadget Shoppe.
   495 | D        | Found Litiluh's Food Shop.
   504 | D        | Reached **** piety under Wu Jian
   513 | D        | Reached skill level 10 in Spellcasting
   526 | D        | Bought an uncursed ring of see invisible for 195 gold pieces
   532 | D        | Reached ***** piety under Wu Jian
   534 | D        | Noticed an unseen horror
   534 | D        | Noticed an unseen horror
   560 | D        | Killed an unseen horror
   560 | D        | Reached skill level 10 in Dodging
   572 | D        | Bought a +1 cloak of poison resistance for 189 gold pieces
   606 | D        | Killed an unseen horror
   606 | D        | Reached skill level 10 in Invocations
   650 | D        | Killed a gargoyle
   703 | D        | Bought a scroll of identify for 26 gold pieces
   707 | D        | Bought a translucent chain mail for 275 gold pieces
   717 | D        | Identified the +0 chain mail of Chill Winds {Str+6 Int-2} (You bought it in a shop in the Dungeon)
   719 | D        | Bought a pair of gloves for 108 gold pieces
   719 | D        | Bought an emerald ring for 120 gold pieces
   758 | D        | Found a viscous altar of Jiyva.
   758 | D        | Found a corrupted altar of Lugonu.
   759 | D        | Found a burning altar of Makhleb.
   759 | D        | Found a shimmering altar of Xom.
   787 | D        | Noticed a kobold demonologist
   788 | D        | Noticed a sun demon
   788 | D        | Noticed a kobold demonologist
   789 | D        | Reached ****** piety under Wu Jian
   791 | D        | Killed a kobold demonologist
   791 | D        | Reached skill level 11 in Stealth
   793 | D        | Killed a kobold demonologist
   848 | D        | Slain by a demonic crawler

Skill      XL: |  1  2  3  4  5  6  7  8  9 10 |
---------------+-------------------------------+-----
Fighting       | 1 3 4 5 6 7 8 9 |  9.4
Short Blades   | 3 4 5 6 7 8 9 |  9.8
Long Blades    | 1 3 4 5 6 7 8 9 |  9.4
Axes           | 1 3 4 5 6 7 8 9 |  9.4
Maces & Flails | 1 3 4 5 6 7 8 9 |  9.4
Polearms       | 1 3 4 5 6 7 8 9 |  9.4
Staves         | 1 3 4 5 6 7 8 9 |  9.4
Slings         | 1 3 4 5 6 7 8 9 |  9.4
Bows           | 1 3 4 5 6 7 8 9 |  9.4
Crossbows      | 1 3 4 5 6 7 8 9 |  9.4
Throwing       | 1 3 4 5 6 7 8 9 |  9.4
Armour         | 1 3 4 5 6 7 8 9 |  9.4
Stealth        | 6 7 8 9 10 11 | 11.0
Shields        | 1 3 4 5 6 7 8 9 |  9.4
Unarmed Combat | 1 3 4 5 6 7 8 9 |  9.4
Spellcasting   | 5 6 7 8 9 10 | 10.6
Conjurations   | 1 2 3 4 5 6 7 |  7.9
Charms         | 1 2 3 4 5 6 7 |  7.9
Summonings     | 1 2 3 4 5 6 7 |  7.9
Necromancy     | 1 2 3 4 5 6 7 |  7.9
Translocations | 1 2 3 4 5 6 7 |  7.9
Transmutations | 1 2 3 4 5 6 7 |  7.9
Fire Magic     | 1 2 3 4 5 6 7 |  7.9
Ice Magic      | 1 2 3 4 5 6 7 |  7.9
Air Magic      | 1 2 3 4 5 6 7 |  7.9
Earth Magic    | 1 2 3 4 5 6 7 |  7.9
Poison Magic   | 1 2 3 4 5 6 7 |  7.9
Invocations    | 1 3 4 5 6 8 9 10 | 10.2
Evocations     | 1 3 4 5 6 7 8 9 |  9.4
Dodging        | 5 6 7 8 9 10 | 10.4
Hexes          | 6 7 8 9 |  9.6

Action                   |  1- 3 |  4- 6 |  7- 9 | 10-12 || total
-------------------------+-------+-------+-------+-------++-------
Melee: Dagger            |    12 |     3 |     6 |    20 ||    41
       War axe           |       |       |       |    52 ||    52
       Bite              |       |       |       |     5 ||     5
       Punch             |       |       |       |     2 ||     2
 Cast: Ensorcelled Hiber |     1 |       |     5 |     5 ||    11
       Confuse           |       |       |       |     3 ||     3
Invok: Lunge             |       |       |     4 |     8 ||    12
       Whirlwind         |       |       |       |     9 ||     9
       Wall Jump         |       |       |       |     3 ||     3
  Use: Potion            |     1 |       |       |     2 ||     3
       Scroll            |       |       |     2 |     1 ||     3
 Stab: Sleeping          |     1 |     3 |     6 |     6 ||    16
       Confused          |       |       |       |     1 ||     1
Armor: Troll leather arm |       |       |     1 |    24 ||    25
       Chain mail        |       |       |       |     1 ||     1
Dodge: Dodged            |     1 |       |     4 |    92 ||    97
